 Dungeon Crawl Stone Soup version 0.22-a0-305-gd21a89c (webtiles) character file.

98 Amnesiac the Cutter (level 4, 0/22 HPs)
             Began as a Spriggan Gladiator on Mar 31, 2018.
             Slain by a worker ant (7 damage)
             ... on level 4 of the Dungeon.
             The game lasted 00:04:19 (4070 turns).

Amnesiac the Cutter (Spriggan Gladiator)            Turns: 4070, Time: 00:04:20

Health: 0/22       AC:  2    Str: 10 (11) XL:     4   Next: 43%
Magic:  5/5        EV: 19    Int:  6 (9)  God:
Gold:   32         SH:  0    Dex: 14 (17) Spells: 3/3 levels left

rFire    . . .     SeeInvis +   a - +0 rapier
rCold    . . .     Gourm    .   (shield restricted)
rNeg     . . .     Faith    .   b - +0 robe
rPois    .         Spirit   .   c - +0 hat
rElec    .         Reflect  .   (no cloak)
rCorr    .         Harm     .   (gloves unavailable)
MR       .....     Rnd*Tele +   (boots unavailable)
Stlth    +++.......             (no amulet)
HPRegen  0.07/turn              h - ring of teleportation (curse)
MPRegen  0.09/turn              (no ring)

@: very quick
A: very small, unfitting armour, see invisible, herbivore, speed 3, slow
metabolism 2
a: no special abilities


You were on level 4 of the Dungeon.
You were not hungry.

You visited 1 branch of the dungeon, and saw 4 of its levels.
You also visited: Sewer.

You collected 32 gold pieces.

Inventory:

Hand Weapons
 a - a +0 rapier (weapon)
 m - the cursed +1 mace "Caagah" {venom, rC+ Str+2, unknown}
   (You found it in a sewer)

   It poisons the flesh of those it strikes.
   It affects your strength (+2).
   It protects you from cold.
   It has a curse placed upon it.
Armour
 b - a +0 robe (worn)
 c - a +0 hat (worn)
Jewellery
 h - a cursed ring of teleportation (left hand)
Scrolls
 e - a scroll of random uselessness {!r, unknown}
 g - a scroll of blinking {!r, unknown}
 i - a scroll of identify {!r}
 l - a scroll of amnesia {!r, unknown}
 n - a scroll of magic mapping {!r, unknown}
 p - 2 scrolls of fear {!r, unknown}
 r - a scroll of fog {!r}
Potions
 j - a potion of magic {!q}
 k - 2 potions of might {!q}
 s - a potion of curing {!q}
Comestibles
 f - 4 rations


   Skills:
 - Level 1.5 Fighting
 * Level 4.7 Short Blades
 - Level 2.0 Throwing
 - Level 4.4 Dodging
 + Level 4.6 Stealth


You had 3 spell levels left.
You didn't know any spells.

Dungeon Overview and Level Annotations

Branches:
Dungeon (4/15)
 Temple: D:4-7

Altars:

Annotations:
D:2 Natasha
D:3 Purgy
D:4 exclusion: worker ant


Innate Abilities, Weirdness & Mutations

You are very small and have problems with some larger weapons.
You are too small for most types of armour.
You have supernaturally acute eyesight. (SInv)
You are a herbivore.
You cover ground extremely quickly.
You need to consume almost no food.


Message History

A quokka comes into view.
Found 20 stones and 12 gold pieces.
A quokka is nearby!
A howler monkey comes into view.
Found 28 bolts.
The helpless quokka fails to defend itself.
You impale the quokka!!
You kill the quokka!
The howler monkey howls!
The howler monkey hoots and howls with incredible vigour!
You barely miss the howler monkey. The howler monkey hits you!
* * * LOW HITPOINT WARNING * * *
You puncture the howler monkey!
The howler monkey is moderately wounded.
The howler monkey hits you.
* * * LOW HITPOINT WARNING * * *
You closely miss the howler monkey.
The howler monkey is moderately wounded.
The howler monkey hoots and howls with incredible vigour!
You hit the howler monkey.
The howler monkey is severely wounded.
The howler monkey barely misses you.
A worker ant comes into view.
You see here 14 stones.
Throwing (i - inventory)
d - 2 throwing nets (quivered)
Press: ? - help, Shift-Dir - straight line, f - howler monkey
Aim: a howler monkey (severely wounded, catching its breath)
Okay, then.
Throwing (i - inventory)
d - 2 throwing nets (quivered)
Press: ? - help, Shift-Dir - straight line, f - howler monkey
Aim: a howler monkey (severely wounded)
You throw a throwing net.
The throwing net hits the howler monkey.
The howler monkey is caught in the net!
The howler monkey is severely wounded.
The howler monkey struggles against the net.
You hit the howler monkey.
The howler monkey is severely wounded.
The howler monkey hoots and howls with incredible vigour!
The howler monkey struggles against the net.
You hit the howler monkey.
You kill the howler monkey!
You feel your strength returning.
You have reached level 4!
Throwing (i - inventory)
d - a throwing net (quivered)
Press: ? - help, Shift-Dir - straight line, f - worker ant
Aim: a worker ant You throw a throwing net.
The throwing net hits the worker ant.
The worker ant is caught in the net!
The worker ant struggles against the net.
You hit the worker ant.
The worker ant is lightly wounded.
The worker ant struggles against the net.
You hit the worker ant.
The worker ant is heavily wounded.
The worker ant struggles against the net.
You hit the worker ant but do no damage.
The worker ant is heavily wounded.
The worker ant struggles against the net. x2
The net rips apart, and the worker ant comes free!
You hit the worker ant but do no damage.
The worker ant is heavily wounded.
The worker ant bites you!
You die...

# #......#....######
#.######)>../.$..........
#....(.+........ ........
.......#......# ########.
#.....#......# #........
##....†#......# #........
...a.(...(#+#####......).
.##+#####a#..............
#...@.######.........
#.#.#<...).....####....
#.#.......###..........
#.#.......#....###.....
#.##......#............
#.##....†.#...#########
#.##......#...#########
#.##......'...+........
#.##......#...#########


You could see a worker ant.

Vanquished Creatures
  A howler monkey (D:4)
  3 adders
  2 dart slugs
  2 leopard geckos
  3 orcs (D:3)
  A bat (D:3)
  2 giant cockroaches
  2 jackals (D:4)
  A quokka (D:4)
  2 ball pythons
  4 frilled lizards (Sewer)
  A goblin (D:1)
  A quokka skeleton (D:4)
  A rat (D:1)
26 creatures vanquished.

Notes
Turn   | Place    | Note
-------+----------+-------------------------------------------
     0 | D:1      | Amnesiac the Spriggan Gladiator began the quest for the Orb.
     0 | D:1      | Reached XP level 1. HP: 10/10 MP: 2/2
    51 | D:2      | Noticed Natasha
    53 | D:2      | Noticed an iron imp
   240 | D:3      | Reached XP level 2. HP: 12/14 MP: 3/3
   353 | D:4      | Reached skill level 1 in Stealth
   480 | D:3      | Found a glowing drain.
   515 | D:3      | Reached XP level 3. HP: 14/18 MP: 4/4
   583 | Sewer    | Entered a sewer
  1036 | Sewer    | Noticed Purgy
  1200 | Sewer    | Got an ivory mace
  4065 | D:4      | Reached XP level 4. HP: 7/22 MP: 5/5
  4070 | D:4      | Slain by a worker ant

Vault maps used:
D:1:      dpeg_arrival_rhombus, minmay_tree_intersection, hex_intersection,
          kennysheep_boxes
D:2:      lemuel_crystal_altar, chequers_ecumenical_altar_simple_redux,
          uniq_sigmund, uniq_terence, uniq_natasha
D:3:      overflow_temple_1_default, old_standard_altar, gup_sewer_entry_glass
D:4:      eat_drink_and_be_merry_uskayaw, first_ration
Sewer:    sewer_co_purgy_island

Skill      XL: |  1  2  3 |
---------------+----------+-----
Short Blades   | 4 |  4.7
Stealth        | 2 4 |  4.6
Fighting       | |  1.5
Throwing       | |  2.0
Dodging        | |  4.4

Action                   |  1- 3 |  4- 6 || total
-------------------------+-------+-------++-------
Melee: Rapier            |    94 |     4 ||    98
Throw: Throwing net      |     6 |     1 ||     7
  Use: Potion            |     6 |       ||     6
       Scroll            |     1 |       ||     1
 Stab: Sleeping          |     1 |       ||     1
  Eat: Ration            |     1 |       ||     1
Armor: Robe              |     9 |       ||     9
Dodge: Dodged            |   113 |       ||   113

Table legend:
 A = Spawn XP
 B = Non-spawn XP
 C = Spawn XP percentage of total XP
 D = Spawn monster count
 E = Non-spawn monster count
 F = Spawn count percentage of total count
 G = Total turns spent on level
                    A         B        C        D         E        F      G
               +---------+---------+-------+---------+---------+-------+---------
         Total |       0 |     140 |   0.0 |       0 |      26 |   0.0 |  4070
               +---------+---------+-------+---------+---------+-------+---------
           D:1 |       0 |       5 |   0.0 |       0 |       3 |   0.0 |   161
           D:3 |       0 |      18 |   0.0 |       0 |       7 |   0.0 |   249
           D:4 |       0 |      86 |   0.0 |       0 |       9 |   0.0 |   245
         Sewer |       0 |      31 |   0.0 |       0 |       7 |   0.0 |  3410
               +---------+---------+-------+---------+---------+-------+---------
